 Seeded DCSS version 0.28-a0-1429-gf3d713df7a (webtiles) character file.

Game seed: 10120221861122298898 (custom seed)

7294 flotson the Skirmisher (level 10, -21/79 HPs)
             Began as a Demonspawn Gladiator on Jan 9, 2022.
             Was an Initiate of Gozag.
             Killed from afar by an acid blob (shapeshifter) (24 damage)
             ... with a splash of acid
             ... on level 9 of the Dungeon.
             The game lasted 00:20:15 (11109 turns).

flotson the Skirmisher (Demonspawn Gladiator)      Turns: 11109, Time: 00:20:16

Health: -21/79     AC: 15    Str: 24    XL:     10   Next: 89%
Magic:  10/10      EV: 17    Int:  9    God:    Gozag
Gold:   489        SH:  9    Dex: 16    Spells: 9/9 levels left

rFire   . . .      SeeInvis .   a - +2 war axe (freeze)
rCold   + . .      Faith    .   (no shield)
rNeg    . . .      Spirit   .   Q - +7 Kryia's mail coat {PotionHeal*2 rC+}
rPois   .          Reflect  +   (helmet restricted)
rElec   .          Harm     .   (no cloak)
rCorr   .          Rampage  .   P - +0 pair of gloves
Will    .....                   (no boots)
Stlth   ..........              k - amulet of reflection
HPRegen 0.23/turn               w - +6 ring of strength
MPRegen 0.12/turn               t - +4 ring of evasion

@: mighty, corroded
A: horns 1, icemail 1, powered by pain 1, condensation shield
a: Renounce Religion, Potion Petition, Call Merchant, Bribe Branch


You were on level 9 of the Dungeon.
You worshipped Gozag.
Gozag was aware of your devotion.
You visited 2 branches of the dungeon, and saw 10 of its levels.

You collected 789 gold pieces.
You spent 201 gold pieces at shops.
You paid 99 gold pieces to Gozag.

Inventory:

Hand Weapons
 a - a +2 war axe of freezing (weapon)
 b - a +0 hunting sling
 T - a +0 broad axe
Missiles
 o - 308 stones (quivered)
 F - 2 datura-tipped darts
 H - 6 boomerangs
 I - 10 poisoned darts
 M - 2 javelins
Armour
 P - a +0 pair of gloves (worn)
 Q - the +7 Kryia's mail coat (worn) {PotionHeal*2 rC+}
   (You found it on level 8 of the Dungeon)

   Potions are twice as effective at healing its wearer.
   rC:        It protects you from cold.
 S - +0 acid dragon scales
Jewellery
 k - an amulet of reflection (around neck)
 p - a ring of protection from cold
 t - a +4 ring of evasion (right hand)
 w - a +6 ring of strength (left hand)
 O - a +4 ring of evasion
Wands
 c - a wand of acid (3)
 n - a wand of charming (8)
 C - a wand of iceblast (12)
Scrolls
 f - a scroll of enchant weapon {unknown}
 h - 2 scrolls of immolation {unknown}
 i - a scroll of vulnerability {unknown}
 j - 6 scrolls of identify
 l - a scroll of torment {unknown}
 m - 2 scrolls of fog {unknown}
 r - a scroll of silence {unknown}
 u - 2 scrolls of fear {unknown}
 y - 2 scrolls of noise {unknown}
 z - a scroll of blinking {unknown}
 B - 3 scrolls of amnesia {unknown}
 D - 2 scrolls of magic mapping {unknown}
 E - 3 scrolls of enchant armour {unknown}
 G - a scroll of summoning {unknown}
 N - 4 scrolls of teleportation
Potions
 e - a potion of magic
 g - 4 potions of curing
 q - 2 potions of mutation
 s - 3 potions of might
 v - a potion of berserk rage
 J - a potion of haste
 K - 2 potions of lignification
 L - a potion of ambrosia
 R - a potion of invisibility


   Skills:
 + Level 7.2 Fighting
 + Level 6.9 Axes
 + Level 6.7 Throwing
 + Level 6.3 Armour
 + Level 7.0 Dodging
 + Level 6.1 Evocations


You had 9 spell levels left.
You didn't know any spells.
Your spell library contained the following spells:

 Spells                   Type           Power      Damage    Failure   Level
 Pain                     Necr           0%         1d4       67%         1
 Ignite Poison            Fire/Tmut/Pois 0%         N/A       95%         3
 Mephitic Cloud           Conj/Pois/Air  0%         N/A       95%         3
 Passage of Golubria      Tloc           0%         N/A       100%        4
 Summon Lightning Spire   Summ/Air       0%         N/A       100%        4
 Agony                    Necr           0%         N/A       100%        5
 Blade Hands              Tmut           0%         N/A       100%        5
 Excruciating Wounds      Necr           0%         N/A       100%        5
 Freezing Cloud           Conj/Ice/Air   0%         6-21      100%        5
 Irradiate                Conj/Tmut      0%         3d13      100%        5
 Silence                  Hex/Air        0%         N/A       100%        5
 Dragon Form              Tmut           0%         N/A       100%        7
 Storm Form               Tmut/Air       0%         N/A       100%        7
 Lehudib's Crystal Spear  Conj/Erth      0%         10d2      100%        8
 Maxwell's Capacitive Co  Air            0%         ∞         100%        8


Dungeon Overview and Level Annotations

Branches:
Dungeon (9/15)             Temple (1/1) D:7
   Lair: D:8-11         Orc: D:9-12

Altars:
Cheibriados
Dithmenos
Elyvilon
Fedhas
Gozag
Hepliaklqana
Makhleb
Qazlal
Sif Muna
Trog
Vehumet
Wu Jian
Yredelemnul
Zin

Shops:
D:5 [   D:6 (   D:8 *

Portals:
Abyss: D:8


Innate Abilities, Weirdness & Mutations

You have a pair of small horns on your head.
A meltable icy envelope protects you from harm. (AC +4)
You sometimes gain a little power by taking damage.
A meltable shield of frost defends you. (SH +4)


Message History

Things that are here:
a +0 giant club; a +0 giant club
o - 302 stones (gained 1)
o - 303 stones (gained 1)
You now have 455 gold pieces (gained 10).
Things that are here:
a +0 giant club; a +0 giant club
o - 304 stones (gained 1)
o - 305 stones (gained 1)
o - 306 stones (gained 1)
You now have 466 gold pieces (gained 11).
o - 307 stones (gained 1)
o - 308 stones (gained 1)
I - 9 poisoned darts (gained 1)
You now have 489 gold pieces (gained 23).
Items here: ))) [.
I - 10 poisoned darts (gained 1)
An acid blob comes into view.
The acid blob quivers.
The acid blob moves out of view.
The acid blob spits acid at you. The splash of acid hits you!
The acid corrodes you! The acid blob hits you.
You are splashed with acid!
You slash the acid blob! You freeze the acid blob.
Your hands burn!
You headbutt the acid blob.
The acid blob is lightly wounded.
The acid blob misses you.
You hit the acid blob but do no damage.
Your hands burn!
The acid blob is lightly wounded.
The acid blob hits you!!
You are splashed with acid!
* * * LOW HITPOINT WARNING * * *
You focus on the pain.
You feel very mighty all of a sudden. The acid blob spits acid at you.
The splash of acid hits you!
* * * LOW HITPOINT WARNING * * *
The acid blob spits acid at you. The splash of acid hits you!!
You die...
Your body crumbles into a pile of gold.

........)...#...#....#
.......)[.#...#.#.[..#
.)......####.##......#
.#...#.)####.##.#....#
.##.....#.#...#.##..#
.#...##[).##)....#!.# #####
..............####.##......
.......##.....###...#...... .
.......#........@......# ..
............###..#.<##.# ...
..............J..##.##.# .. .
.......................##.#...
#..#.......#...#..............
#####.....##.###.....$.....o#
....#####.......$.#.#..... ...
#........[#.......
####.#.......#.......


You could see an acid blob.

Vanquished Creatures
  3 two-headed ogres (D:9)
  The ghost of Xenoroth the Severer, a novice MiBe of Trog (D:8)
  Maggie (D:8)
  Psyche (D:8)
  A troll (D:9)
  A hornet (D:8)
  A wyvern (D:9)
  5 yaks (D:8)
  Menkaure (D:5)
  2 water moccasins
  3 orc warriors
  An ice beast (D:7)
  A sky beast (D:6)
  2 black bears
  4 centaurs
  2 necrophages
  A phantom (D:4)
  A kobold brigand (D:9)
  2 bullfrogs
  2 small abominations
  A wyvern zombie (D:7)
  2 scorpions
  A killer bee (D:7)
  2 electric eels (D:9)
  2 centaur zombies
  3 orc priests (D:9)
  3 centaur skeletons
  2 hounds (D:6)
  A jelly (D:6)
  A gnoll shaman (D:7)
  6 iguanas
  Ijyb (D:4)
  6 orc wizards
  11 gnolls
  A howler monkey skeleton (D:4)
  8 adders
  2 white imps
  2 adder skeletons (D:4)
  A worm (D:5)
  3 dart slugs
  13 orcs
  15 endoplasms
  5 giant cockroaches
  12 goblins
  13 hobgoblins
  6 jackals
  3 quokkas
  8 ball pythons
  4 bats
  5 frilled lizards
  14 kobolds
  13 rats
206 creatures vanquished.

Notes
Turn   | Place    | Note
-------+----------+-------------------------------------------
     0 | D:1      | flotson the Demonspawn Gladiator began the quest for the
                  | Orb.
     0 | D:1      | Reached XP level 1. HP: 16/16 MP: 1/1
   242 | D:1      | Gained mutation: A meltable shield of frost defends you.
                  | (SH +4) [demonic ancestry]
   242 | D:1      | Reached XP level 2. HP: 17/22 MP: 2/2
   551 | D:1      | You fall into a shaft and drop 1 floor!
   608 | D:2      | Reached XP level 3. HP: 15/28 MP: 3/3
  1145 | D:1      | Found a faded altar of an unknown god.
  1150 | D:1      | Reached skill level 1 in Armour
  2092 | D:2      | Gained mutation: You sometimes gain a little power by
                  | taking damage. [demonic ancestry]
  2092 | D:2      | Reached XP level 4. HP: 34/34 MP: 4/4
  2976 | D:3      | Reached XP level 5. HP: 20/41 MP: 5/5
  3325 | D:3      | Noticed a necrophage
  3330 | D:3      | Killed a necrophage
  3331 | D:3      | Reached XP level 6. HP: 38/47 MP: 6/6
  3911 | D:4      | Noticed Ijyb
  4797 | D:4      | Killed Ijyb
  4798 | D:4      | Reached XP level 7. HP: 45/53 MP: 7/7
  5209 | D:5      | Entered Level 5 of the Dungeon
  5219 | D:5      | Noticed Menkaure
  5226 | D:5      | Killed Menkaure
  5227 | D:5      | Reached skill level 1 in Evocations
  5716 | D:5      | Found Jillom's Armour Boutique.
  6157 | D:6      | Reached XP level 8. HP: 53/61 MP: 8/8
  6358 | D:6      | Found Lyrches's Weapon Shoppe.
  6379 | D:6      | Bought a +2 war axe of freezing for 201 gold pieces
  6873 | D:7      | Reached skill level 5 in Dodging
  7030 | D:7      | Found a shadowy altar of Dithmenos.
  7110 | D:7      | Found a staircase to the Ecumenical Temple.
  7118 | Temple   | Entered the Ecumenical Temple
  7336 | D:7      | Reached skill level 5 in Fighting
  7336 | D:7      | Reached skill level 5 in Axes
  7720 | Temple   | Became a worshipper of Gozag Ym Sagoz the Greedy
  8053 | D:7      | Gained mutation: A meltable icy envelope protects you from
                  | harm. (AC +4) [demonic ancestry]
  8053 | D:7      | Reached XP level 9. HP: 59/68 MP: 9/9
  8277 | D:8      | Paralysed by a hornet for 3 turns
  8286 | D:8      | Reached skill level 5 in Throwing
  8585 | D:8      | Found a transporter.
  8592 | D:8      | Found the +7 Kryia's mail coat {PotionHeal*2 rC+}
  8717 | D:8      | Found Azoc's Mayhem Merchandise.
  8736 | D:8      | Noticed Maggie
  8857 | D:8      | Killed Maggie
  8858 | D:8      | Reached skill level 5 in Armour
  9045 | D:8      | Found a transporter.
  9153 | D:8      | Found a one-way gate to the infinite horrors of the Abyss.
  9154 | D:8      | Noticed Xenoroth's ghost (novice MiBe)
  9197 | D:8      | Noticed Psyche
  9211 | D:8      | Killed Psyche
  9472 | D:8      | Gained mutation: You have a pair of small horns on your
                  | head. [demonic ancestry]
  9472 | D:8      | Reached XP level 10. HP: 20/76 MP: 10/10
  9780 | D:9      | Noticed a two-headed ogre
  9845 | D:9      | Noticed a two-headed ogre
  9858 | D:9      | Reached skill level 5 in Evocations
  9907 | D:9      | Noticed a shock serpent
  9954 | D:9      | Noticed a two-headed ogre
 10245 | D:9      | Noticed a cyclops
 10263 | D:9      | Killed a two-headed ogre
 10338 | D:9      | Noticed a jorogumo
 10367 | D:8      | Killed Xenoroth's ghost
 10827 | D:9      | Killed a two-headed ogre
 10944 | D:9      | Killed a two-headed ogre
 11105 | D:9      | Noticed an acid blob
 11109 | D:9      | HP: 3/79 [acid blob (shapeshifter)/splash of acid (12)]
 11109 | D:9      | Killed from afar by an acid blob (shapeshifter)

Illustrated notes

Levels and vault maps discovered:
D:1:      saegor_arrival_simple_e, layout_loops_ring,
          hellmonk_ecumenical_altar_lost_god, minmay_small_reverse_x
D:2:      layout_loops_ring
D:3:      layout_basic, portal_sewer_entry_b
D:4:      kennysheep_goblin_castle, layout_basic
D:5:      layout_cave_pools, serial_shops, shop_fountains, minivault_4,
          uniq_menkaure
D:6:      layout_loops_cross, serial_shops, nicolae_diamond_shop
D:7:      layout_loops_cross, mainiacjoe_overflow_catwalk_spiral,
          minmay_temple_entry_glassed_door, solitary_fountain, st_stairs_2,
          nrook_uturn
D:8:      layout_loops_cross, gammafunk_ghost_abyssal_escape,
          minmay_shop_mayhem, amcnicky_mini_corridor_feature, kennysheep_nub,
          uniq_maggie, uniq_psyche
D:9:      layout_cave_pools, kennysheep_path_1, disabler_island
Temple:   mainiacjoe_temple_cubbyholes

Skill      XL: |  1  2  3  4  5  6  7  8  9 10 |
---------------+-------------------------------+-----
Throwing       | 2 3 4 5 6 |  6.7
Axes           | 3 4 5 6 |  6.9
Dodging        | 3 4 5 6 7 |  7.0
Armour         | 1 2 3 4 5 6 |  6.3
Fighting       | 3 4 5 6 7 |  7.2
Evocations     | 2 3 4 6 |  6.1

Action                   |  1- 3 |  4- 6 |  7- 9 | 10-12 || total
-------------------------+-------+-------+-------+-------++-------
Melee: War axe           |   138 |       |   155 |    96 ||   389
       Halberd           |       |    46 |   132 |       ||   178
       Unarmed           |       |     1 |       |       ||     1
       Punch             |       |       |     3 |     2 ||     5
       Headbutt          |       |       |       |    20 ||    20
 Fire: Hunting sling     |    50 |   196 |    12 |     7 ||   265
Throw: Dart              |       |       |    10 |     2 ||    12
       Throwing net      |       |       |     1 |     2 ||     3
Evoke: Wand              |       |       |     6 |     7 ||    13
  Use: Potion            |       |     2 |     1 |       ||     3
       Scroll            |       |       |       |     9 ||     9
 Stab: Sleeping          |     1 |       |       |       ||     1
       Distracted        |       |       |     1 |     1 ||     2
Armor: Leather armour    |    44 |    12 |       |       ||    56
       Scale mail        |       |    12 |    96 |    20 ||   128
       Acid dragon scale |       |       |     6 |     5 ||    11
Dodge: Dodged            |   104 |    92 |   200 |    63 ||   459
Block: Other             |    59 |    58 |   138 |    48 ||   303
       Reflection        |       |     3 |    11 |       ||    14

Table legend: (Time is in decaauts)
 A = Elapsed time spent in this place.
 B = Non-inter-level travel time spent in this place.
 C = Inter-level travel time spent in this place.
 D = Time resting spent in this place.
 E = Time spent auto-exploring this place.
 F = Levels seen in this place.
 G = Mean time per level.
                   A        B        C        D        E       F      G
               +--------+--------+--------+--------+--------+-----+--------+
         Total |  11294 |  10868 |    426 |    535 |   8099 |  10 | 1129.4 |
       Dungeon |  11039 |  10685 |    354 |    535 |   7924 |   9 | 1226.6 |
        Temple |    255 |    183 |     72 |      0 |    175 |   1 |  255.0 |
               +--------+--------+--------+--------+--------+-----+--------+

Top non-repeatable levels by time:
     D:8: 1902 daAuts
     D:4: 1629 daAuts
     D:2: 1412 daAuts
     D:1: 1325 daAuts
     D:7: 1147 daAuts
     D:9: 1007 daAuts
     D:6: 926 daAuts
     D:3: 923 daAuts
     D:5: 763 daAuts
  Temple: 255 daAuts
